AoeStats
← Ralimak

Migration

509863095Analyzed
1v1 RM · 4d ago on Sep 28, 2026· 60m 58s· 2 players
Game mode
Random Map
Map size
132×132
Population
200
Speed
Normal
Resources
Standard
Victory
Conquest
Starting age
Dark Age
Ending age
Imperial Age
RankedLock teamsTeams togetherTeam positionsShared explorationLock speedFull tech treeHidden civsTurbo modeCheats
Victory
Defeat
🇮🇹 Dravidians · Italy
887
+15
🇺🇸 Cumans · United States
858
-15
Ralimak
9:14 Loom
11:52 Feudal Age
14:51 Fishing Lines
25:07 Fletching
28:32 Castle Age
26:38 Man-at-Arms
28:41 Crossbowman
29:26 Thumb Ring
29:22 Elite Skirmisher
33:58 Bodkin Arrow
34:03 Padded Archer Armor
34:09 Scale Barding Armor
34:15 Forging
33:49 Horse Collar
33:57 Double-Bit Axe
34:06 Gold Mining
34:06 Stone Mining
34:06 Gold Mining
44:13 Imperial Age
49:06 Bloodlines
48:18 Cavalier
JackDaniels
2:01 Loom
13:39 Feudal Age
14:48 Double-Bit Axe
14:44 Horse Collar
14:57 Gold Mining
15:26 Fishing Lines
20:29 Castle Age
22:15 Fletching
22:37 Forging
22:46 Bow Saw
22:30 Stone Mining
22:51 Gillnets
23:40 Man-at-Arms
24:26 Scale Mail Armor
24:25 Bodkin Arrow
24:29 Long Swordsman
24:30 Pikeman
26:00 Heavy Plow
27:07 Wheelbarrow
27:11 Iron Casting
28:16 Padded Archer Armor
29:26 Hand Cart
31:53 Thumb Ring
32:28 Medium Warships
32:50 Town Watch
35:14 Ballistics
34:50 Murder Holes
36:37 Clinker Construction
36:37 Careening
40:57 Imperial Age
40:14 Medical Corps
41:04 Chain Mail Armor
43:39 Blast Furnace
43:10 Plate Mail Armor
42:06 Elite Urumi Swordsman
43:13 Heavy Warships
43:49 Wootz Steel
43:50 Conscription
45:18 Carvel Hull
45:18 Dry Dock
45:10 Masonry
47:11 Hoardings
48:49 Bracer
51:31 Chemistry
51:43 Halberdier
52:23 Squires
53:03 Elite Cannon Galleon
54:01 Leather Archer Armor
57:02 Two-Man Saw
57:16 Guard Tower
57:47 Shipwright
Connection lost

Rejoining the realm…

Still unreachable

The connection could not be restored.

Session expired

The server has moved on; the page needs a fresh start.